 Dungeon Crawl Stone Soup version 0.31.0-9-g3a7656b989 (webtiles) character file.

Game seed: 4872913886356601086

567 Killerpretzel the Trooper (level 7, 0/66 HPs)
             Began as a Gargoyle Berserker on Feb 6, 2024.
             Was a Believer of Trog.
             Killed from afar by Ijyb (19 damage)
             ... with a bolt of acid
             ... on level 4 of the Dungeon.
             The game lasted 00:11:12 (3080 turns).

Killerpretzel the Trooper (Gargoyle Berserker)      Turns: 3080, Time: 00:11:13

Health: 0/66       AC: 12    Str: 23    XL:     7   Next: 33%
Magic:  7/7        EV: 11    Int:  7    God:    Trog [**....]
Gold:   218        SH:  0    Dex: 15    Spells: 6/6 levels left

rFire   . . .        a - +0 mace
rCold   + . .        (no shield)
rNeg    + . .        t - +0 scale mail
rPois   ∞            (no helmet)
rElec   +            (no cloak)
rCorr   .            (no gloves)
SInv    .            (no boots)
Will    .....        (no amulet) Stlth
                     l - +6 ring of dexterity
HPRegen 0.31/turn    n - ring of protection from cold
MPRegen 0.10/turn

%: no passive effects
@: berserking, very quick
A: sickness immunity, AC +4, negative energy resistance 1, electricity
resistance, torment resistance 1, petrification resistance
a: Renounce Religion, Berserk, Trog's Hand


You were on level 4 of the Dungeon.
You worshipped Trog.
Trog was pleased with you.
You visited 1 branch of the dungeon, and saw 4 of its levels.

You collected 218 gold pieces.

Inventory:

Hand Weapons
 a - a +0 mace (weapon)
Missiles
 s - 4 boomerangs (quivered)
Armour
 b - a +0 animal skin
 t - a +0 scale mail (worn)
Jewellery
 e - a ring of flight
 l - a +6 ring of dexterity (left hand)
 n - a ring of protection from cold (right hand)
 o - a ring of magical power
Scrolls
 h - a scroll of teleportation
 p - a scroll of vulnerability {unknown}
 r - a scroll of fear {unknown}
Potions
 c - 2 potions of resistance {unknown}
 d - a potion of mutation {unknown}
 f - a potion of degeneration {unknown}
 g - 3 potions of attraction {unknown}
 i - 3 potions of heal wounds {unknown}
 j - 2 potions of curing {unknown}
 k - 2 potions of invisibility {unknown}
 m - a potion of enlightenment {unknown}
 q - 2 potions of brilliance {unknown}


   Skills:
 + Level 5.2 Fighting
 + Level 4.8 Maces & Flails
 + Level 4.6 Armour
 + Level 3.4 Dodging


You had 6 spell levels left.
You didn't know any spells.
Your spell library was empty.

Dungeon Overview and Level Annotations

Branches:
Dungeon (4/15)
 Temple: D:4-7

Altars:
Ashenzari
Kikubaaqudgha
Qazlal
Wu Jian

Shops:
D:1 [

Annotations:
D:4 Ijyb


Innate Abilities, Weirdness & Mutations

You are immune to sickness and miasma.
Your stone body is resilient. (AC +4)
You are immune to poison.
You resist negative energy. (rN+)
You are resistant to electric shocks. (rElec)
You are resistant to unholy torment.
You are immune to petrification.


Message History

You feel a strong urge to attack something.
You start resting.
You are no longer berserk.
You are exhausted.
You feel yourself slow down.
No target in view!
You feel yourself speed up.
You recover from your berserk rage.
HP restored.
There is an open door here.
Items here: ) [ †††.
There is an open door here.
Items here: ) [ †††.
An orc comes into view.
It is wielding a +2 war axe of draining.
The orc shouts!
You hear a shout!
Ijyb the Twisted Goblin comes into view.
She is wielding a +0 dagger and carrying a wand of acid.
You throw a boomerang. The boomerang barely misses the orc.
You throw a boomerang. The boomerang hits the orc.
The orc is almost dead.
You throw a boomerang. The boomerang closely misses the orc.
Ijyb zaps a wand.
The bolt of acid hits the orc!!
The orc dies!
The bolt of acid hits you!
Ijyb zaps a wand.
The bolt of acid misses you.
You throw a boomerang. The boomerang closely misses Ijyb.
You throw a boomerang.
The boomerang hits Ijyb but does no damage.
You throw a boomerang. The boomerang closely misses Ijyb.
Ijyb zaps a wand.
The bolt of acid hits you!
A red film seems to cover your vision as you go berserk!
You feel yourself moving faster!
You feel mighty!
Ijyb zaps a wand.
The bolt of acid hits you!
* * * LOW HITPOINT WARNING * * *
You are too injured to fight recklessly!
Calm down first, please.
You barely miss Ijyb. You closely miss Ijyb. Ijyb closely misses you.
You sock Ijyb!
Ijyb is heavily wounded.
Ijyb zaps a wand.
The bolt of acid hits you!!
You die...

.. ... #.....# ...
#.....## ... #......#
... #......# ... .. .
#......##### ... ..#.
...+........... ...
... ........g).....
... ..#########@#
####+#.##......#.#
#...#[.#...##.#
#...#####.##..#
#.......#)#...#
#...##........#+
#...###........## ##
#...#.#.........#
..##...#.'#...#......


You could see Ijyb.

Vanquished Creatures
  Sigmund (D:2)
  A centaur (D:4)
  2 scorpions (D:4)
  A bombardier beetle (D:4)
  2 iguanas (D:4)
  Robin (D:4)
  2 adders
  3 gnolls (D:4)
  A dart slug (D:4)
  2 ribbon worms
  2 orcs (D:4)
  4 ball pythons
  5 endoplasms
  5 giant cockroaches
  11 goblins
  6 hobgoblins
  2 jackals (D:2)
  3 kobolds
  2 quokkas (D:2)
  2 bats
  7 rats
65 creatures vanquished.

Vanquished Creatures (others)
  An orc (D:4)
1 creature vanquished.

Grand Total: 66 creatures vanquished

Notes
Turn   | Place    | Note
-------+----------+-------------------------------------------
     0 | D:1      | Killerpretzel the Gargoyle Berserker began the quest for
                  | the Orb.
     0 | D:1      | Reached XP level 1. HP: 14/14 MP: 1/1
   173 | D:1      | Reached XP level 2. HP: 13/19 MP: 2/2
   468 | D:1      | Found Ypi Wa Foa's Armour Shop.
   721 | D:2      | Reached XP level 3. HP: 23/23 MP: 3/3
  1068 | D:2      | Reached ** piety under Trog
  1404 | D:2      | Noticed Sigmund
  1419 | D:2      | Killed Sigmund
  1420 | D:2      | Reached skill level 4 in Fighting
  1420 | D:2      | Reached XP level 4. HP: 30/30 MP: 4/4
  1420 | D:2      | Reached XP level 5. HP: 34/34 MP: 5/5
  1701 | D:3      | Found an ornate altar of the Wu Jian Council.
  1749 | D:3      | Found a stormy altar of Qazlal.
  1751 | D:3      | Found an ancient bone altar of Kikubaaqudgha.
  2578 | D:4      | Reached XP level 6. HP: 39/39 MP: 6/6
  2747 | D:4      | Noticed Robin
  2760 | D:4      | Killed Robin
  2812 | D:4      | Found a broken altar of Ashenzari.
  2884 | D:4      | Reached skill level 5 in Fighting
  2884 | D:4      | Reached XP level 7. HP: 28/44 MP: 7/7
  3070 | D:4      | Noticed Ijyb
  3080 | D:4      | Killed from afar by Ijyb

Illustrated notes

Levels and vault maps discovered:
D:1:      roderic_dead_forest, layout_rooms, serial_shops, shop
D:2:      layout_basic, minmay_misc_feat_rows, uniq_sigmund
D:3:      layout_basic, nicolae_overflow_hidden_temple
D:4:      layout_gridville, mainiacjoe_overflow_small_starburst,
          supply_closet_lemuel, dk_noncrumbling_4, corexii_hall_statues_u,
          minmay_pentangle, uniq_robin, uniq_ijyb

Skill      XL: |  1  2  3  4  5  6 |
---------------+-------------------+-----
Dodging        | 2 3 |  3.4
Fighting       | 4 5 |  5.2
Maces & Flails | 4 |  4.8
Armour         | 3 4 |  4.6

Action                     |  1- 3 |  4- 6 |  7- 9 || total
---------------------------+-------+-------+-------++-------
  Melee: Mace              |    88 |    79 |    28 ||   195
         Punch             |       |     1 |       ||     1
  Throw: Stone             |     2 |       |       ||     2
         Throwing net      |     1 |       |       ||     1
         Boomerang         |       |     4 |    10 ||    14
 Invoke: Berserk           |     2 |     2 |     2 ||     6
    Use: Scroll            |     2 |       |       ||     2
 Armour: Animal skin       |    63 |     6 |       ||    69
         Scale mail        |       |    50 |    16 ||    66
  Dodge: Dodged            |    68 |    58 |    13 ||   139
